 Dungeon Crawl Stone Soup version 0.26-a0-547-g695e311587 (webtiles) character file.

Game seed: 14285827057154355178

142235 Errates the Arsonist (level 17, -1/93 HPs)
             Began as a Gargoyle Earth Elementalist on Aug 20, 2020.
             Was the Champion of Vehumet.
             Slain by a redback (12 damage)
             ... on level 3 of the Spider Nest.
             The game lasted 01:20:43 (36844 turns).

Errates the Arsonist (Gargoyle Earth Elementalist) Turns: 36844, Time: 01:20:47

Health: -1/93      AC: 30    Str: 24    XL:     17   Next: 34%
Magic:  23/31      EV: 16    Int: 31    God:    Vehumet [******]
Gold:   4833       SH:  0    Dex: 10    Spells: 3/37 levels left

rFire    . . .     SeeInvis +   y - +8 great mace (drain)
rCold    . . .     Faith    .   (shield currently unavailable)
rNeg     + . .     Spirit   .   r - +1 robe of Precision Catastrophes {*Contam Rampage Int+3}
rPois    ∞         Reflect  .   H - +2 helmet {SInv}
rElec    +         Harm     .   t - +1 cloak "Kyxteabi" {Str+5}
rCorr    .                      P - +1 pair of gloves
MR       +....                  A - +1 pair of boots
Stlth    ++........             j - amulet of magic regeneration
HPRegen  0.25/turn              W - +6 ring of strength
MPRegen  0.47/turn              L - +6 ring of intelligence

@: flying, very slightly contaminated
A: big wings, icy blue scales 1, yellow scales 1, frail 1, negative energy
resistance 1, electricity resistance, unbreathing, petrification resistance, rot
immunity, AC +12
a: Stop Flying, Renounce Religion


You were on level 3 of the Spider Nest.
You worshipped Vehumet.
Vehumet was exalted by your worship.
You visited 5 branches of the dungeon, and saw 27 of its levels.

You collected 4833 gold pieces.

Inventory:

Hand Weapons
 y - a +8 great mace of draining (weapon)
 S - a +1 demon whip of electrocution
Missiles
 b - 585 stones (quivered)
 I - 3 throwing nets
Armour
 r - the +1 robe of Precision Catastrophes (worn) {*Contam Rampage Int+3}
   (You found it on level 5 of the Dungeon)

   It affects your intelligence (+3).
   It causes magical contamination when unequipped.
   It bestows one free step when moving towards enemies.
 t - the +1 cloak "Kyxteabi" (worn) {Str+5}
   (You found it on level 5 of the Dungeon)

   It affects your strength (+5).
 A - a +1 pair of boots (worn)
 H - a +2 helmet of see invisible (worn)
 P - a +1 pair of gloves (worn)
Jewellery
 j - an amulet of magic regeneration (around neck)
 L - a +6 ring of intelligence (right hand)
 N - an uncursed ring of resist corrosion
 W - a +6 ring of strength (left hand)
Wands
 c - a wand of enslavement (18)
 n - a wand of flame (10)
 w - a wand of digging (4)
 O - a wand of paralysis (8)
 R - a wand of iceblast (8)
 T - a wand of acid (27)
Scrolls
 a - 2 scrolls of fog
 d - 15 scrolls of teleportation
 h - 2 scrolls of immolation
 o - 12 scrolls of remove curse
 q - a scroll of blinking
 s - a scroll of magic mapping
 v - a scroll of fear
 z - 6 scrolls of noise
 D - 4 scrolls of amnesia
 K - 2 scrolls of identify
Potions
 e - 4 potions of cancellation
 f - 6 potions of curing
 g - 2 potions of might
 i - 3 potions of haste
 k - a potion of resistance
 m - a potion of heal wounds
 p - 2 potions of mutation
 B - 3 potions of brilliance
 C - 4 potions of ambrosia
 E - a potion of invisibility
 J - 4 potions of lignification
 U - a potion of stabbing
Miscellaneous
 l - a phantom mirror
 u - a box of beasts (3/3)
 G - a condenser vane (2/2)
 Q - a lightning rod (4/4)
 V - a tin of tremorstones (3/3)


   Skills:
 + Level 11.1 Fighting
 + Level 10.2 Maces & Flails
 - Level 6.0 Armour
 + Level 8.8 Dodging
 - Level 2.1 Stealth
 + Level 10.6 Spellcasting
 + Level 11.9 Conjurations
   Level 0.7 Transmutations
 * Level 14.6 Fire Magic
 + Level 13.5 Earth Magic
 - Level 6.0 Evocations


You had 3 spell levels left.
You knew the following spells:

 Your Spells              Type           Power        Failure   Level
a - Sandblast             Erth           ######       0%          1
b - Stone Arrow           Conj/Erth      ######       1%          3
c - Lee's Rapid Deconstr  Erth           #######...   1%          5
d - Iron Shot             Conj/Erth      #######...   1%          6
e - Fireball              Conj/Fire      #######...   1%          5
f - Starburst             Conj/Fire      #######...   1%          6
g - Ignition              Fire           #######...   13%         8

Your spell library contained the following spells:

 Spells                   Type           Power        Failure   Level
 Magic Dart               Conj           ####         0%          1
 Passwall                 Tmut/Erth      ######..     1%          2
 Searing Ray              Conj           ######       1%          2
 Conjure Flame            Conj/Fire      #######.     1%          3
 Dazzling Flash           Conj/Hex       ######       1%          3
 Ignite Poison            Fire/Tmut/Pois #####...     1%          3
 Mephitic Cloud           Conj/Pois/Air  #####...     1%          3
 Beastly Appendage        Tmut           ###...       2%          1
 Animate Skeleton         Necr           ###...       3%          1
 Apportation              Tloc           ###...       3%          1
 Corona                   Hex            ###....      3%          1
 Summon Small Mammal      Summ           ###.         3%          1
 Wereblood                Tmut           ###.....     3%          2
 Blink                    Tloc           N/A          4%          2
 Call Imp                 Summ           ###.....     4%          2
 Corpse Rot               Necr/Air       N/A          4%          2
 Slow                     Hex            ###.....     4%          2
 Spider Form              Tmut/Pois      ###.......   8%          3
 Call Canine Familiar     Summ           ###.....     10%         3
 Summon Guardian Golem    Hex/Summ       ###.....     10%         3
 Fulminant Prism          Conj/Hex       ######....   1%          4
 Iskenderun's Mystic Bla  Conj/Tloc      ######..     1%          4
 Petrify                  Tmut/Erth      ######..     1%          4
 Irradiate                Conj/Tmut      ######....   1%          5
 Conjure Ball Lightning   Conj/Air       ######....   11%         6
 Ice Form                 Ice/Tmut       ###.....     26%         4
 Dispel Undead            Necr           ###.....     30%         4
 Summon Ice Beast         Ice/Summ       ###.....     30%         4
 Summon Lightning Spire   Summ/Air       ###.....     30%         4
 Blade Hands              Tmut           ###.......   54%         5
 Agony                    Necr           ###.....     65%         5
 Excruciating Wounds      Necr           ###.......   65%         5
 Silence                  Hex/Air        ###.......   65%         5
 Hydra Form               Tmut           ###.......   98%         6
 Dragon Form              Tmut           ###.......   100%        7
 Tornado                  Air            ###.......   100%        9
 Sublimation of Blood     Necr           Unusable     N/A         2
 Statue Form              Tmut/Erth      Unusable     N/A         6

Dungeon Overview and Level Annotations

Branches:
Dungeon (15/15) Temple (1/1) D:7 Lair (6/6) D:10 Shoals (0/4) Lair:2 Spider (3/4) Lair:4 Slime (0/5) Lair:5 Orc (2/2) D:11 Elf (0/3) Orc:2 Vaults (0/5) D:12 D:13 Depths (0/5) D:15

Altars:
Ashenzari
Cheibriados
Dithmenos
Elyvilon
Fedhas
Gozag
Hepliaklqana
Kikubaaqudgha
Makhleb
Nemelex Xobeh
Okawaru
Qazlal
Ru
Sif Muna
Trog
Uskayaw
Vehumet
Wu Jian
Xom
Yredelemnul
Zin
The Shining One
Beogh

Shops:
D:6 *   D:7 :   D:14 **   Orc:1 (   Orc:2 ([[(

Annotations:
D:3 1 runed translucent door, Sickboy's ghost, amateur MiFi
D:5 2 runed translucent doors
Orc:2 2 transporters, ZangPog's ghost, journeyman DsGl


Innate Abilities, Weirdness & Mutations

You are resistant to torment.
Your stone body is resilient. (AC +12)
You are immune to poison.
Your large and strong wings let you fly indefinitely.
You resist negative energy. (rN+)
You are resistant to electric shocks. (rElec)
You can survive without breathing.
You are immune to petrification.
You are immune to rotting.
You are partially covered in icy blue scales. (AC +2)
You are partially covered in yellow scales. (AC +2)
You are frail. (-10% HP)


Message History

Unknown command.
Unknown command.
You are too injured to fight recklessly!
Unknown command.
You are too injured to fight recklessly!
Unknown command.
You are too injured to fight recklessly!
Unknown command.
Unknown command.
You are too injured to fight recklessly!
Casting: Ignition (quite dangerous; 13% risk of failure)
Confirm with . or Enter, or press ? or * to list all spells.
The spell is quite dangerous to cast (13% risk of failure)!
Continue anyway?
You miscast Ignition.
You are very lightly contaminated with residual magic.
The air around you burns with energy!
* * * LOW HITPOINT WARNING * * *
The redback bites you but does no damage.
The redback bites you!
You die...

#.........#..^#.......^
##.......^.##..#........
#.....#..........†##....
#............#..>.......
#.......#....#.....#....
#.....^...#.##.....#..##
#........#####...#.#..#.
#.......s......<.....#..
#....).@s.........#...^.
#.##...ss.............#.
## #.................###
....................
#......................
#..)..............^#....
#.................. ...#
#..^...........


You could see a tarantella and 3 redbacks.

Vanquished Creatures
  Rupert (D:12)
  Agnes (D:15)
  Roxanne (Spider:3)
  2 orc warlords
  2 ghost moths
  An emperor scorpion (Spider:2)
  An entropy weaver (Spider:2)
  5 dire elephants (Lair:6)
  A spark wasp (Spider:3)
  2 fire dragons
  A yaktaur captain (D:15)
  Erolcha (D:10)
  Harold (D:10)
  A rakshasa (D:15)
  7 hydras
  3 catoblepae
  6 centaur warriors
  An anaconda (Lair:6)
  6 two-headed ogres
  16 death yaks
  3 orc high priests
  Sonja (D:13)
  4 skeletal warriors
  An orange crystal statue (D:12)
  2 deep elf archers (D:15)
  A wizard (D:15)
  6 orc knights
  A necromancer (Lair:4)
  7 orc sorcerers
  2 manticores
  11 ugly things
  11 wolf spiders
  3 deep elf magi
  A harpy (shapeshifter) (D:9)
  3 cyclopes
  6 orb spiders
  A moth of wrath (Spider:3)
  Maurice (D:10)
  2 black mambas
  13 elephants
  2 gargoyles
  15 cane toads
  6 centaur skeletons
  2 rime drakes
  6 komodo dragons
  5 demonic crawlers
  2 trolls
  11 jumping spiders
  2 hornets
  Prince Ribbit (D:8)
  2 polar bears
  27 blink frogs
  8 hippogriffs
  3 slime creatures
  11 dream sheep
  A snapping turtle (Lair:2)
  22 tarantellas
  A shadow (D:15)
  30 redbacks
  51 yaks
  4 wyverns
  5 basilisks
  16 humans (D:12)
  4 vampire mosquitoes (D:13)
  A warg (Orc:2)
  An acid dragon (D:14)
  A soldier ant (D:12)
  6 water moccasins
  3 porcupines
  3 ice beasts
  46 orc warriors
  7 sky beasts
  7 necrophages
  5 black bears
  9 ogres
  3 phantoms
  9 wolves
  14 centaurs
  18 crocodiles
  A big kobold (D:13)
  24 bullfrogs
  2 wyvern skeletons
  7 scorpions
  7 killer bees (D:7)
  15 wights
  4 electric eels
  3 howler monkeys
  5 centaur zombies
  A quasit (D:7)
  8 hounds
  39 orc wizards
  36 orc priests
  4 jellies
  5 bullfrog skeletons
  An iguana (D:14)
  20 worker ants
  3 polar bear simulacra (Lair:4)
  2 hell rats (Lair:6)
  4 yak simulacra (Lair:4)
  2 wolf simulacra (Lair:4)
  A hound skeleton (D:4)
  7 river rats (Lair:6)
  A worker ant zombie (D:11)
  12 adders
  3 gnolls (D:6)
  3 shadow imps
  3 white imps
  5 ufetubi
  5 oozes
  3 adder zombies
  5 adder skeletons
  4 worms
  A dart slug (D:5)
  10 leopard geckos
  123 orcs
  4 giant cockroaches
  8 goblins
  9 hobgoblins
  11 jackals
  21 kobolds
  9 quokkas
  4 ball pythons
  12 bats
  5 frilled lizards
  A leopard gecko zombie (D:7)
  14 rats
  2 river rat simulacra (Lair:4)
  7 plants
996 creatures vanquished.

Vanquished Creatures (collateral kills)
  A deep elf mage (D:9)
  An ugly thing (D:15)
2 creatures vanquished.

Vanquished Creatures (others)
  A redback (Spider:1)
  An orc wizard (D:5)
  14 fungi
  15 plants
  2 withered plants (D:3)
33 creatures vanquished.

Grand Total: 1031 creatures vanquished

Notes
Turn   | Place    | Note
-------+----------+-------------------------------------------
     0 | D:1      | Errates the Gargoyle Earth Elementalist began the quest for
                  | the Orb.
     0 | D:1      | Reached XP level 1. HP: 10/10 MP: 3/3
   336 | D:1      | Reached XP level 2. HP: 13/15 MP: 5/5
   871 | D:1      | Reached XP level 3. HP: 13/19 MP: 6/6
  1560 | D:1      | Learned a level 3 spell: Stone Arrow
  1855 | D:2      | Reached XP level 4. HP: 24/24 MP: 8/8
  1960 | D:2      | Reached skill level 1 in Conjurations
  2873 | D:3      | Found a faded altar of an unknown god.
  3017 | D:3      | Reached skill level 5 in Earth Magic
  3265 | D:3      | Found an ornate altar of the Wu Jian Council.
  3270 | D:3      | Reached XP level 5. HP: 28/28 MP: 9/9
  3277 | D:3      | Learned a level 5 spell: Lee's Rapid Deconstruction
  3416 | D:3      | Found a runed translucent door.
  3417 | D:3      | Noticed Sickboy's ghost (amateur MiFi)
  3601 | D:3      | Found a sacrificial altar of Ru.
  4080 | D:4      | Reached XP level 6. HP: 31/32 MP: 11/11
  4178 | D:4      | Found a shattered altar of Ashenzari.
  4500 | D:4      | Found a shimmering blue altar of Sif Muna.
  4518 | D:4      | Reached XP level 7. HP: 36/36 MP: 13/13
  4726 | D:4      | Gained mutation: You expend magic power (3 MP) to
                  | strengthen your wands. [potion of mutation]
  4726 | D:4      | Gained mutation: You have a pair of small horns on your
                  | head. [potion of mutation]
  4774 | D:5      | Entered Level 5 of the Dungeon
  4775 | D:5      | Found a large runed translucent door.
  4775 | D:5      | Found a large runed translucent door.
  5074 | D:5      | Found a large runed translucent door.
  5074 | D:5      | Found a large runed translucent door.
  5135 | D:5      | Got a shadowed robe
  5146 | D:5      | Identified the +1 robe of Precision Catastrophes {*Contam
                  | Rampage Int+3} (You found it on level 5 of the Dungeon)
  5453 | D:5      | Reached skill level 1 in Fighting
  5453 | D:5      | Reached skill level 5 in Spellcasting
  5453 | D:5      | Reached XP level 8. HP: 43/43 MP: 11/15
  5526 | D:5      | Found a snail-covered altar of Cheibriados.
  5626 | D:5      | Reached skill level 1 in Armour
  5714 | D:5      | Reached skill level 1 in Maces & Flails
  5727 | D:5      | Reached skill level 5 in Conjurations
  6271 | D:5      | Got a translucent cloak
  6277 | D:5      | Identified the +1 cloak "Kyxteabi" {Str+5} (You found it on
                  | level 5 of the Dungeon)
  6653 | D:6      | Found Gozag's Platinum Reserve.
  6678 | D:6      | Got a transparent robe
  6698 | D:6      | Found an opulent altar of Gozag.
  6752 | D:6      | Found a basalt altar of Yredelemnul.
  6806 | D:6      | Found a white marble altar of Elyvilon.
  7226 | D:6      | Reached XP level 9. HP: 49/49 MP: 7/17
  8268 | D:6      | Found a glowing golden altar of the Shining One.
  8444 | D:6      | Reached skill level 1 in Evocations
  8711 | D:7      | Found a shattered altar of Ashenzari.
  8820 | D:7      | Noticed an angel
  8826 | D:7      | Found a shimmering altar of Xom.
  8826 | D:7      | Found a glowing silver altar of Zin.
  8874 | D:7      | Identified the +2 robe "Qeveg" {rCorr Int+2} (You found it
                  | on level 6 of the Dungeon)
  9126 | D:7      | Found a staircase to the Ecumenical Temple.
  9596 | D:7      | Found Loklyo's Book Shoppe.
  9948 | D:8      | Noticed a two-headed ogre
  9955 | D:8      | Killed a two-headed ogre
  9955 | D:8      | Reached XP level 10. HP: 41/58 MP: 11/19
 10084 | D:8      | Found a stormy altar of Qazlal.
 10277 | D:8      | Noticed Prince Ribbit
 10474 | D:8      | Killed Prince Ribbit
 10536 | Temple   | Entered the Ecumenical Temple
 10580 | Temple   | Became a worshipper of Vehumet
 11041 | D:9      | Noticed a deep elf mage
 11042 | D:9      | Noticed a cyclops
 11044 | D:9      | Noticed a gargoyle
 11152 | D:9      | Reached skill level 5 in Fighting
 11152 | D:9      | Reached skill level 5 in Armour
 11260 | D:9      | Noticed a two-headed ogre
 11267 | D:9      | Killed a two-headed ogre
 11301 | D:9      | Noticed a two-headed ogre
 11326 | D:9      | Killed a two-headed ogre
 11326 | D:9      | Reached skill level 5 in Maces & Flails
 11326 | D:9      | Reached XP level 11. HP: 51/64 MP: 11/21
 11529 | D:9      | Found a blossoming altar of Fedhas.
 11732 | D:9      | Noticed a fire crab
 11732 | D:9      | a redback changed into a fire crab
 11734 | D:9      | Noticed a moth of wrath
 11734 | D:9      | a fire crab changed into a moth of wrath
 11817 | D:10     | Entered Level 10 of the Dungeon
 11842 | D:9      | Noticed a harpy
 11844 | D:9      | Killed a cyclops
 11848 | D:9      | Reached * piety under Vehumet
 11848 | D:9      | Offered knowledge of Foxfire by Vehumet.
 11855 | D:9      | Killed a harpy
 11861 | D:9      | Killed a deep elf mage
 12197 | D:10     | Noticed Harold
 12225 | D:10     | Killed Harold
 12459 | D:10     | Noticed Erolcha
 12463 | D:10     | Killed Erolcha
 12552 | D:10     | Found a staircase to the Lair.
 12685 | D:10     | Reached skill level 5 in Dodging
 12833 | D:10     | Noticed Maurice
 12840 | D:10     | Killed Maurice
 13060 | D:10     | Found a bloodstained altar of Trog.
 13320 | D:10     | Lost mutation: You expend magic power (3 MP) to strengthen
                  | your wands. [potion of mutation]
 13320 | D:10     | Lost mutation: You have a pair of small horns on your head.
                  | [potion of mutation]
 13320 | D:10     | Gained mutation: You are partially covered in icy blue
                  | scales. (AC +2) [potion of mutation]
 13320 | D:10     | Gained mutation: You are frail. (-10% HP) [potion of
                  | mutation]
 13320 | D:10     | Gained mutation: You are partially covered in yellow
                  | scales. (AC +2) [potion of mutation]
 13683 | D:11     | Noticed a two-headed ogre
 13690 | D:11     | Killed a two-headed ogre
 13690 | D:11     | Reached skill level 10 in Earth Magic
 13828 | D:11     | Found a staircase to the Orcish Mines.
 14190 | D:11     | Offered knowledge of Freeze by Vehumet.
 14219 | D:11     | Reached ** piety under Vehumet
 14219 | D:11     | Reached XP level 12. HP: 50/63 MP: 23/23
 14875 | D:11     | Reached skill level 5 in Evocations
 15362 | D:12     | Found a bloodstained altar of Trog.
 16128 | D:13     | Offered knowledge of Frozen Ramparts by Vehumet.
 16421 | D:13     | Reached *** piety under Vehumet
 16426 | D:13     | Noticed an eight-headed hydra
 16688 | D:13     | Found a gate to the Vaults.
 16688 | D:13     | Noticed a fire dragon
 16688 | D:13     | Noticed a centaur warrior
 16688 | D:13     | Noticed Rupert
 16806 | D:12     | Killed an eight-headed hydra
 17100 | D:12     | Killed a centaur warrior
 17100 | D:12     | Offered knowledge of Iskenderun's Mystic Blast by Vehumet.
 17100 | D:12     | Reached XP level 13. HP: 56/70 MP: 10/25
 17102 | D:12     | Killed a fire dragon
 17239 | D:12     | Paralysed by Rupert for 6 turns
 17241 | D:12     | Killed Rupert
 17857 | D:13     | Noticed Sonja
 17859 | D:13     | Killed Sonja
 17859 | D:13     | Reached skill level 10 in Conjurations
 18015 | D:13     | Reached **** piety under Vehumet
 18430 | D:13     | Offered knowledge of Lightning Bolt by Vehumet.
 18865 | D:14     | Noticed a fire dragon
 18873 | D:14     | HP: 2/72 [centaur warrior/arrow (16)]
 19458 | D:14     | Killed a fire dragon
 19665 | D:14     | Found Qafuedax's Pet Rocks.
 19792 | D:14     | Found Qavot's General Store.
 19891 | D:14     | Gained mutation: Your large and strong wings let you fly
                  | indefinitely. [Gargoyle growth]
 19891 | D:14     | Reached XP level 14. HP: 48/77 MP: 9/27
 20459 | Lair:1   | Entered Level 1 of the Lair of Beasts
 20860 | Lair:1   | Found a sparkling altar of Nemelex Xobeh.
 20942 | Lair:1   | Reached ***** piety under Vehumet
 20942 | Lair:1   | Offered knowledge of Conjure Ball Lightning by Vehumet.
 22055 | Lair:2   | Reached skill level 10 in Fighting
 22634 | Lair:2   | Found a staircase to the Shoals.
 23316 | Lair:3   | Learned a level 5 spell: Irradiate
 23510 | Lair:3   | Reached skill level 10 in Spellcasting
 24329 | Lair:4   | Found a hole to the Spider Nest.
 24343 | Lair:4   | Reached XP level 15. HP: 79/83 MP: 29/29
 24376 | Lair:4   | Offered knowledge of Fireball by Vehumet.
 24537 | Lair:4   | Learned a level 5 spell: Fireball
 24553 | Lair:4   | Reached skill level 1 in Fire Magic
 24877 | Lair:4   | Reached skill level 2 in Fire Magic
 25116 | Lair:4   | Reached skill level 3 in Fire Magic
 25633 | Lair:5   | Reached skill level 4 in Fire Magic
 25636 | Lair:5   | Reached skill level 5 in Fire Magic
 25965 | Lair:5   | Found a staircase to the Slime Pits.
 26334 | Lair:5   | Reached skill level 6 in Fire Magic
 26550 | Lair:5   | Identified a scroll of acquirement
 26551 | Lair:5   | Acquired a +1 demon whip of electrocution
 26908 | Lair:6   | Entered Level 6 of the Lair of Beasts
 26914 | Lair:6   | Reached skill level 7 in Fire Magic
 27077 | Lair:6   | Reached skill level 8 in Fire Magic
 27301 | Lair:6   | Reached skill level 9 in Fire Magic
 27540 | Lair:6   | Offered knowledge of Bolt of Magma by Vehumet.
 28474 | Lair:6   | Acquired 1820 gold pieces
 28496 | Lair:6   | Reached skill level 10 in Fire Magic
 28783 | Lair:6   | Got a crystal flail
 28784 | Lair:6   | Identified the cursed +2 flail of Makhleb's Hatred {freeze,
                  | rPois} (You found it on level 6 of the Lair of Beasts)
 28903 | Lair:6   | Reached XP level 16. HP: 79/88 MP: 28/30
 29016 | Lair:6   | Reached skill level 11 in Fire Magic
 29261 | Orc:1    | Entered Level 1 of the Orcish Mines
 29333 | Orc:1    | Found a roughly hewn altar of Beogh.
 30034 | Orc:1    | Found a roughly hewn altar of Beogh.
 30267 | Orc:1    | Found Taleit's Weapon Shoppe.
 30378 | Orc:2    | Entered Level 2 of the Orcish Mines
 30397 | Orc:2    | Offered knowledge of Iskenderun's Battlesphere by Vehumet.
 30398 | Orc:2    | Found a transporter.
 30415 | Orc:1    | Reached skill level 12 in Fire Magic
 30696 | Orc:2    | Identified the +8 great sword of Distraction {antimagic,
                  | rF+ Str+2}
 30698 | Orc:2    | Noticed ZangPog's ghost (journeyman DsGl)
 30700 | Orc:2    | Found a bloodstained altar of Trog.
 30931 | Orc:2    | Found a transporter.
 30938 | Orc:2    | Found a runed translucent door.
 31289 | Orc:2    | Found a roughly hewn altar of Beogh.
 31537 | Orc:2    | Found a roughly hewn altar of Beogh.
 31537 | Orc:2    | Found Feciebbi's Antique Armour Shoppe.
 31812 | Orc:2    | Found a roughly hewn altar of Beogh.
 31880 | Orc:2    | Found a roughly hewn altar of Beogh.
 31907 | Orc:2    | Found a staircase to the Elven Halls.
 31997 | Orc:2    | Found a roughly hewn altar of Beogh.
 32210 | Orc:2    | Reached skill level 13 in Fire Magic
 32214 | Orc:2    | Offered knowledge of Ozocubu's Refrigeration by Vehumet.
 32451 | Orc:2    | Found Dawia's Antique Weapon Emporium.
 32452 | Orc:2    | Found a roughly hewn altar of Beogh.
 32457 | Orc:2    | Found Wamec's Antique Armour Shoppe.
 32511 | Orc:2    | Found a roughly hewn altar of Beogh.
 32795 | Orc:2    | Found Xaatufup's Weapon Shop.
 32994 | D:15     | Entered Level 15 of the Dungeon
 33011 | D:15     | Noticed Agnes
 33022 | D:15     | Killed Agnes
 33419 | D:15     | Reached skill level 14 in Fire Magic
 33579 | D:15     | Found a staircase to the Depths.
 34333 | Spider:1 | Entered Level 1 of the Spider Nest
 34341 | Spider:1 | Learned a level 6 spell: Starburst
 34730 | Spider:1 | Learned a level 8 spell: Ignition
 35239 | Spider:1 | Reached ****** piety under Vehumet
 35240 | Spider:1 | Reached XP level 17. HP: 39/93 MP: 21/31
 35456 | Spider:2 | Reached skill level 10 in Maces & Flails
 35617 | Spider:2 | Offered knowledge of Iron Shot by Vehumet.
 36254 | Spider:2 | Found the +5 robe of Misfortune {*Contam Harm *Corrode
                  | *Drain *Slow EV+5}
 36460 | Spider:3 | Noticed Roxanne
 36465 | Spider:3 | Killed Roxanne
 36676 | Spider:2 | Learned a level 6 spell: Iron Shot
 36844 | Spider:3 | Slain by a redback

Illustrated notes

Levels and vault maps discovered:
D:1:      minmay_arrival_plants_in_alcoves, layout_rooms, minmay_nonomino_d4
D:2:      layout_basic
D:3:      layout_basic, old_standard_altar, nicolae_ru_great_annihilating_truth,
          chequers_ecumenical_altar_simple, gammafunk_ghost_grave
D:4:      layout_rooms, nicolae_overflow_crystal_walls, ashenzari_altar_1
D:5:      layout_rooms, kennysheep_slug_shrine, serial_curves, eino_curves_01,
          eino_curves_03, minmay_hollow_rounded_squares
D:6:      minmay_cornered_nines, layout_cave_pods, kennysheep_ying_yang,
          nicolae_gozag_zags_fifth_avenue, kennysheep_mini_moat
D:7:      layout_basic, grunt_temple_overflow_order_and_chaos_1,
          nicolae_overflow_hidden_temple, minmay_temple_entry_from_below_a,
          serial_shops, shop
D:8:      layout_cave_pools, grunt_qazlal_clouds, uniq_prince_ribbit1
D:9:      layout_loops_cross, lemuel_round_altar,
          onia_ninara_dug_in_and_dangerous
D:10:     layout_loops_ring, lair_entry_dummy, basic_altar,
          chequers_serial_rivers_small_3, uniq_erolcha, uniq_harold,
          uniq_maurice
D:11:     layout_grid_maze, david_orc_3, serial_undead, serial_undead_f,
          serial_undead_b, serial_undead_f, serial_undead_c, serial_undead_e
D:12:     layout_loops_cross, minmay_misc_feat_ornament, st_stairs_10,
          drop_trap, minivault_16, bloody_trog
D:13:     layout_loops_ring, david_vaults_3, uniq_sonja
D:14:     layout_basic, chequers_serial_rivers_room_a, serial_shops,
          nicolae_shop_statue_plus, guppyfry_shop_earth
D:15:     hangedman_depths_entry_civil_slaughter, layout_loops_ring,
          serial_bayou_shore_b, uniq_agnes
Temple:   jpeg_temple_island
Lair:1:   layout_gridlike, basic_altar
Lair:2:   layout_long_grid, minmay_shoals_entry_hut
Lair:3:   layout_big_grid
Lair:4:   layout_concentric_octagons, nicolae_spider_entry_non_spiders,
          eino_house_with_fridge, grunt_megastairs_3
Lair:5:   layout_long_grid, nicolae_slime_entry_slimehenge,
          serial_bayou_shore_a, grunt_megastairs_5
Lair:6:   due_jungle_book, layout_concentric_octagons, kennysheep_rathole,
          grunt_megastairs_2
Spider:1: layout_spider_delve
Spider:2: layout_spider_delve
Spider:3: layout_spider_delve, hangedman_spider_mandibles, drop_trap,
          nicolae_orb_island, uniq_roxanne
Orc:1:    orc_temple, layout_diamond_mine, serial_shops, shop,
          minmay_orc_temple_a
Orc:2:    grunt_orc_community_town_hall, layout_caves,
          grunt_orc_community_big_house_1, grunt_orc_community_big_house_1,
          grunt_orc_community_house_2, grunt_orc_community_house_1,
          grunt_orc_community_house_2, grunt_orc_community_house_3,
          gammafunk_ghost_wrathful_warriors, lightli_church_of_beogh

Skill      XL: |  1  2  3  4  5  6  7  8  9 10 11 12 13 14 15 16 17 |
---------------+----------------------------------------------------+-----
Earth Magic    | 4 5 6 7 8 9 10 11 12 13 | 13.5
Spellcasting   | 3 4 5 6 7 8 9 10 | 10.6
Conjurations   | 1 2 3 4 5 6 7 8 9 10 11 | 11.9
Fighting       | 1 2 4 5 6 7 9 10 11 | 11.1
Armour         | 2 4 5 6 |  6.0
Maces & Flails | 2 4 5 6 7 8 9 10 | 10.2
Dodging        | 2 3 4 5 6 7 8 |  8.8
Evocations     | 2 3 4 5 6 |  6.0
Fire Magic     | 10 14 | 14.6
Stealth        | |  2.1
Transmutations | |  0.7

Action                   |  1- 3 |  4- 6 |  7- 9 | 10-12 | 13-15 | 16-18 || total
-------------------------+-------+-------+-------+-------+-------+-------++-------
Melee: Unarmed           |    23 |       |       |       |       |       ||    23
       Dagger            |   160 |   197 |   441 |   346 |       |       ||  1144
       Headbutt          |       |       |    52 |    67 |       |       ||   119
       Flail             |       |       |       |   287 |    33 |       ||   320
       Great mace        |       |       |       |       |   806 |   353 ||  1159
 Cast: Sandblast         |    14 |    11 |    32 |    36 |    16 |     2 ||   111
       Stone Arrow       |       |     1 |     2 |    12 |       |       ||    15
       Lee's Rapid Decon |       |       |     9 |    66 |    75 |    76 ||   226
       Irradiate         |       |       |       |       |    20 |     9 ||    29
       Fireball          |       |       |       |       |    13 |    18 ||    31
       Ignition          |       |       |       |       |       |    10 ||    10
       Starburst         |       |       |       |       |       |     4 ||     4
 Abil: Fly               |       |       |       |       |     1 |       ||     1
Evoke: Wand              |       |       |     1 |     2 |     2 |     3 ||     8
       Box of beasts     |       |       |     1 |     1 |       |       ||     2
       Condenser vane    |       |       |       |       |     5 |     1 ||     6
       Phantom mirror    |       |       |       |       |       |     1 ||     1
  Use: Scroll            |       |    10 |     7 |     8 |    16 |     8 ||    49
       Potion            |       |     1 |     3 |     8 |     5 |     4 ||    21
 Stab: Sleeping          |     2 |     7 |     6 |     7 |     4 |       ||    26
       Paralysed         |       |     1 |       |       |       |       ||     1
       Distracted        |       |       |       |     1 |     3 |     1 ||     5
       Confused          |       |       |       |       |     3 |       ||     3
Armor: Robe              |   106 |    93 |   195 |   386 |   550 |   411 ||  1741
Dodge: Dodged            |   172 |   133 |   291 |   506 |  1109 |   605 ||  2816

Table legend: (Time is in decaauts)
 A = Elapsed time spent in this place.
 B = Non-inter-level travel time spent in this place.
 C = Inter-level travel time spent in this place.
 D = Time resting spent in this place.
 E = Time spent auto-exploring this place.
 F = Levels seen in this place.
 G = Mean time per level.
                   A        B        C        D        E       F      G
               +--------+--------+--------+--------+--------+-----+--------+
         Total |  37167 |  35375 |   1792 |   8833 |  19157 |  27 | 1376.6 |
       Dungeon |  21864 |  20651 |   1213 |   5368 |  10976 |  15 | 1457.6 |
        Temple |     86 |     44 |     42 |      0 |     28 |   1 |   86.0 |
          Lair |   9300 |   8908 |    392 |   1178 |   5944 |   6 | 1550.0 |
   Spider Nest |   2247 |   2199 |     48 |    785 |   1115 |   3 |  749.0 |
  Orcish Mines |   3669 |   3574 |     95 |   1502 |   1094 |   2 | 1834.5 |
               +--------+--------+--------+--------+--------+-----+--------+

Top non-repeatable levels by time:
    D:13: 2147 daAuts
  Lair:6: 2097 daAuts
    D:12: 2080 daAuts
     D:6: 2070 daAuts
   Orc:2: 2043 daAuts
  Lair:4: 2025 daAuts
    D:11: 1801 daAuts
  Lair:2: 1797 daAuts
   Orc:1: 1625 daAuts
     D:5: 1611 daAuts
  Lair:5: 1579 daAuts
     D:1: 1578 daAuts
     D:3: 1495 daAuts
     D:9: 1347 daAuts
    D:14: 1260 daAuts
